 Dungeon Crawl Stone Soup version 0.22-a0-558-gc224181 (webtiles) character file.

320 Hebeh the Chopper (level 6, -6/56 HPs)
             Began as a Minotaur Fighter on June 27, 2018.
             Killed by nerve-wracking pain
             ... invoked by an orc priest
              (8 damage)
             ... on level 4 of the Dungeon.
             The game lasted 00:10:07 (3188 turns).

Hebeh the Chopper (Minotaur Fighter)                Turns: 3188, Time: 00:10:07

Health: -6/56      AC: 12    Str: 22    XL:     6   Next: 22%
Magic:  5/5        EV:  4    Int:  5    God:
Gold:   142        SH: 10    Dex: 10    Spells: 5/5 levels left

rFire    . . .     SeeInvis .   a - +0 war axe
rCold    . . .     Gourm    .   c - +0 shield
rNeg     . . .     Faith    .   h - +0 plate armour
rPois    .         Spirit   .   (helmet restricted)
rElec    .         Reflect  .   (no cloak)
rCorr    .         Harm     .   (no gloves)
MR       .....                  (no boots)
Stlth    ..........             (no amulet)
HPRegen  0.18/turn              (no ring)
MPRegen  0.09/turn              (no ring)

@: no status effects
A: retaliatory headbutt, horns 2
a: no special abilities


You were on level 4 of the Dungeon.
You were very hungry.

You visited 1 branch of the dungeon, and saw 4 of its levels.

You collected 142 gold pieces.

Inventory:

Hand Weapons
 a - a +0 war axe (weapon)
Armour
 b - a +0 scale mail
 c - a +0 shield (worn)
 h - a +0 plate armour (worn)
Jewellery
 l - a +3 ring of dexterity {unknown}
Scrolls
 e - 5 scrolls of identify {unknown}
 g - a scroll of enchant weapon {unknown}
 i - a scroll of fear {unknown}
 j - a scroll of blinking {unknown}
 k - a scroll of immolation {unknown}
 n - a scroll of teleportation {unknown}
 p - 2 scrolls of remove curse {unknown}
 r - a scroll of fog {unknown}
Potions
 d - 2 potions of might
 m - a potion of flight {unknown}
 o - a potion of lignification {unknown}
 q - a potion of berserk rage {unknown}
 s - 3 potions of heal wounds {unknown}
 t - a potion of mutation {unknown}
 u - 2 potions of curing
Comestibles
 f - 3 rations


   Skills:
 + Level 5.0 Fighting
 * Level 5.3 Axes
 + Level 4.8 Armour
 + Level 5.0 Shields


You had 5 spell levels left.
You didn't know any spells.
Your spell library was empty.

Dungeon Overview and Level Annotations

Branches:
Dungeon (4/15)
 Temple: D:4-7

Altars:
Makhleb
Sif Muna
Yredelemnul


Innate Abilities, Weirdness & Mutations

You reflexively headbutt those who attack you in melee.
You have a pair of horns on your head.


Message History

The orc priest invokes the aid of Beogh against you.
Beogh smites you!
* * * LOW HITPOINT WARNING * * *
The orc priest looks satisfied for a moment.
Things that are here:
a club; 2 tomahawks; an orc corpse You closely miss the orc priest.
The orc priest hits you but does no damage.
The orc priest calls down the wrath of Beogh upon you.
Pain shoots through your body!
* * * LOW HITPOINT WARNING * * *
You slash the orc priest!
The orc priest is heavily wounded.
The orc priest hits you but does no damage.
You slash the orc priest!
You kill the orc priest!
Your Fighting skill increases to level 5!
The orc priest calls down the wrath of Beogh upon you.
Pain shoots through your body!
You die...

##### #...# #...#
###...# ##.....#
####..#...#
#######.<..##()@#
(.......#######.#
.##..........##o#
#..........##o#
#.......<..##.#
#..........##o#
........)...##.#
.##..........##.#
###.#########.#


You could see an orc priest and 2 orcs.

Vanquished Creatures
  An ogre (D:4)
  An orc priest (D:4)
  An orc wizard (D:3)
  A howler monkey skeleton (D:4)
  6 adders
  2 worms
  3 dart slugs
  2 leopard geckos (D:1)
  8 orcs
  4 giant cockroaches
  6 goblins
  9 hobgoblins
  10 jackals
  A quokka (D:2)
  2 ball pythons
  16 bats
  A frilled lizard (D:2)
  6 kobolds
  9 rats
  A spectral orc (D:2)
90 creatures vanquished.

Notes
Turn   | Place    | Note
-------+----------+-------------------------------------------
     0 | D:1      | Hebeh the Minotaur Fighter began the quest for the Orb.
     0 | D:1      | Reached XP level 1. HP: 19/19 MP: 0/0
   485 | D:1      | Reached XP level 2. HP: 27/27 MP: 1/1
   808 | D:1      | Reached XP level 3. HP: 33/33 MP: 2/2
  1575 | D:2      | Reached XP level 4. HP: 34/40 MP: 3/3
  2089 | D:2      | Found a basalt altar of Yredelemnul.
  2449 | D:3      | Found a burning altar of Makhleb.
  2478 | D:3      | Reached XP level 5. HP: 46/47 MP: 4/4
  2564 | D:3      | Found a deep blue altar of Sif Muna.
  3154 | D:4      | Noticed an ogre
  3162 | D:4      | Killed an ogre
  3162 | D:4      | Reached skill level 5 in Axes
  3162 | D:4      | Reached skill level 5 in Shields
  3162 | D:4      | Reached XP level 6. HP: 33/55 MP: 5/5
  3186 | D:4      | HP: 1/55 [orc priest/nerve-wracking pain (11)]
  3188 | D:4      | Reached skill level 5 in Fighting
  3188 | D:4      | Killed from afar by an orc priest

Vault maps used:
D:1:      nagdon_arrival_double_spiral
D:2:      yredelemnul_forgotten_temple_becter, minmay_tiny_reverse_x
D:3:      tgw_sif, lemuel_crystal_altar, first_ration
D:4:      grunt_temple_overflow_growth_and_decay

Skill      XL: |  1  2  3  4  5  6 |
---------------+-------------------+-----
Axes           | 3 4 5 |  5.3
Shields        | 4 5 |  5.0
Fighting       | 4 5 |  5.0
Armour         | 4 |  4.8

Action                   |  1- 3 |  4- 6 || total
-------------------------+-------+-------++-------
Melee: War axe           |   110 |    99 ||   209
       Headbutt          |    12 |    10 ||    22
  Eat: Chunk             |     2 |     4 ||     6
Armor: Plate armour      |    82 |    72 ||   154
       Scale mail        |     2 |       ||     2
Dodge: Dodged            |    22 |    27 ||    49
Block: Shield            |    85 |    50 ||   135

Table legend:
 A = Spawn XP
 B = Non-spawn XP
 C = Spawn XP percentage of total XP
 D = Spawn monster count
 E = Non-spawn monster count
 F = Spawn count percentage of total count
 G = Total turns spent on level
                    A         B        C        D         E        F      G
               +---------+---------+-------+---------+---------+-------+---------
         Total |       0 |     458 |   0.0 |       0 |      90 |   0.0 |  3188
               +---------+---------+-------+---------+---------+-------+---------
           D:1 |       0 |      60 |   0.0 |       0 |      34 |   0.0 |  1407
           D:2 |       0 |     107 |   0.0 |       0 |      27 |   0.0 |   898
           D:3 |       0 |     108 |   0.0 |       0 |      25 |   0.0 |   826
           D:4 |       0 |     183 |   0.0 |       0 |       4 |   0.0 |    57
               +---------+---------+-------+---------+---------+-------+---------
